 Dungeon Crawl Stone Soup version 0.20-a0-1036-g4d371cd (webtiles) character file.

567 M4edhros the Covert (level 7, -3/64 HPs)
             Began as an Octopode Artificer on Apr 22, 2017.
             Slain by a scorpion (5 damage)
             ... on level 7 of the Dungeon.
             The game lasted 00:06:56 (3074 turns).

M4edhros the Covert (Octopode Artificer)            Turns: 3074, Time: 00:06:57

Health: -3/64      AC: 23    Str: 12    XL:     7   Next: 33%
Magic:  9/9        EV:  2    Int: 13    God:
Gold:   160        SH:  0    Dex: 14    Spells: 6/6 levels left

rFire    . . .     SeeInvis .   j - +1 dagger (speed)
rCold    . . .     Gourm    .   (no shield)
rNeg     + + +     Faith    .   (helmet currently unavailable)
rPois    +         Spirit   .   (no amulet)
rElec    .         Reflect  .   (no ring)
rCorr    .         Harm     .   (no ring)
MR       .....     NoTele   +   (no ring)
Stlth    +++++.....             (no ring)
Regen    0.2/turn               (no ring)
MPRegen  0.2/turn               (no ring)
                                (no ring)
                                (no ring)

@: lethally poisoned (-3 -> -4), tree-form
A: almost no armour, stealthy swim, (amphibious), 8 rings, (constrict 8)
a: no special abilities


You were on level 7 of the Dungeon.
You were hungry.
You were a tree.
You visited 1 branch of the dungeon, and saw 7 of its levels.

You collected 160 gold pieces.

Inventory:

Hand Weapons
 a - a +0 short sword
 j - a +1 dagger of speed (weapon)
Wands
 b - a wand of flame (7/48)
 c - a wand of enslavement (0/24)
 d - a wand of random effects (12/48)
 q - a wand of paralysis (2/24)
 s - a wand of disintegration (10/24)
Scrolls
 e - a scroll of noise {unknown}
 g - 3 scrolls of remove curse
 k - a scroll of teleportation {unknown}
 l - a scroll of summoning {unknown}
 m - a scroll of amnesia {unknown}
 o - 2 scrolls of recharging
Potions
 p - a potion of flight
Comestibles
 f - 3 bread rations
 n - 6 fruits
 r - a meat ration


   Skills:
 - Level 1.0 Fighting
 - Level 1.0 Short Blades
 - Level 2.0 Dodging
 + Level 10.8 Stealth
 - Level 3.2 Evocations


You had 6 spell levels left.
You didn't know any spells.

Dungeon Overview and Level Annotations

Branches:
Dungeon (7/15)
 Temple: D:4-7

Altars:

Annotations:
D:5 Lifeless's ghost, novice DEFE


Innate Abilities, Weirdness & Mutations

You cannot wear most types of armour.
You are very stealthy in the water. (Stealth+)
((You are amphibious.))
You can wear up to eight rings at the same time.
((You can use your tentacles to constrict eight enemies at once.))
((Your skin changes colour to match your surroundings (Stealth+).))
((Your rubbery body absorbs attacks. (AC +1, EV +1)))


Message History

Aiming: Paralyse
Press: ? - help, Shift-Dir - straight line, f/p - hippogriff
Aim: a hippogriff (heavily wounded, poisoned, chance to defeat MR: 50%)
The hippogriff resists with significant effort.
This wand has 3 charges left.
* * * LOW HITPOINT WARNING * * *
You feel sick.
Your scorpion stings the hippogriff!
The hippogriff looks even sicker.
Your scorpion poisons the hippogriff!
The hippogriff bites you but does no damage.
The hippogriff pecks you but does no damage.
The hippogriff claws you but does no damage.
Unknown command.
Evoke which item? (* to show all) (? for menu, Esc to quit)
Aiming: Paralyse
Press: ? - help, Shift-Dir - straight line, f/p - hippogriff
Aim: a hippogriff (severely wounded, poisoned, chance to defeat MR: 50%)
The hippogriff resists with significant effort.
This wand has 2 charges left.
The scorpion is no longer charmed.
The ogre is no longer paralysed.
The scorpion stings you.
You die...

....# ###.#
############### #.#
................ #.#
................. #.#
..................
#.##..................
#.##.......(..........
#.##............).....
#.##..........♣H.)....
#.##..........)sO.....
#.##..................
#.##..................
#.#.##..................
#.#.##.................(
...[....................
#.#.....................
#.####.................


You could see a hippogriff, an ogre and a scorpion.

Vanquished Creatures
  A bullfrog zombie (D:6)
  A hound (D:5)
  An orc wizard (D:7)
  An iguana (D:4)
  6 worker ants
  2 hound skeletons (D:6)
  A worker ant zombie (D:6)
  A howler monkey skeleton (D:4)
  4 adders
  2 adder skeletons
  A worm (D:4)
  A leopard gecko (D:2)
  4 orcs
  A ball python (D:5)
  2 giant cockroaches
  3 jackals (D:3)
  A quokka (D:6)
  2 bats (D:2)
  2 frilled lizards
  3 kobolds
40 creatures vanquished.

Vanquished Creatures (collateral kills)
  2 killer bees (D:7)
  A water moccasin skeleton (D:7)
  2 orc wizards (D:7)
  A worker ant (D:7)
  7 orcs (D:7)
  A hobgoblin (D:3)
  A quokka (D:7)
  A ball python (D:5)
16 creatures vanquished.

Vanquished Creatures (others)
  2 killer bees (D:7)
  An orc (D:6)
3 creatures vanquished.

Grand Total: 59 creatures vanquished

Notes
Turn   | Place    | Note
-------+----------+-------------------------------------------
     0 | D:1      | M4edhros the Octopode Artificer began the quest for the Orb.
     0 | D:1      | Reached XP level 1. HP: 13/13 MP: 3/3
   137 | D:2      | Reached skill level 2 in Stealth
   198 | D:3      | Reached skill level 3 in Stealth
   198 | D:3      | Reached XP level 2. HP: 6/18 MP: 4/4
   522 | D:3      | Reached skill level 4 in Stealth
   522 | D:3      | Reached XP level 3. HP: 23/23 MP: 5/5
   686 | D:3      | Reached skill level 5 in Stealth
   965 | D:4      | Reached XP level 4. HP: 28/28 MP: 6/6
  1075 | D:4      | Reached skill level 6 in Stealth
  1100 | D:4      | Reached XP level 5. HP: 18/33 MP: 7/7
  1241 | D:4      | Reached skill level 7 in Stealth
  1398 | D:5      | Entered Level 5 of the Dungeon
  1652 | D:5      | Noticed Lifeless's ghost (novice DEFE)
  1682 | D:6      | Reached skill level 8 in Stealth
  1700 | D:6      | Reached XP level 6. HP: 35/38 MP: 8/8
  2119 | D:6      | Reached skill level 9 in Stealth
  2335 | D:6      | Noticed a phantom
  2634 | D:7      | Reached skill level 10 in Stealth
  2634 | D:7      | Reached XP level 7. HP: 4/43 MP: 9/9
  2635 | D:7      | HP: 3/64 [poisoned by a killer bee]
  2643 | D:7      | HP: 3/64 [poisoned by a killer bee]
  3048 | D:7      | Noticed a hippogriff
  3066 | D:7      | HP: 3/64 [poisoned by a scorpion]
  3073 | D:7      | HP: 2/64 [poisoned by a scorpion]
  3074 | D:7      | Slain by a scorpion

Vault maps used:
D:1:      dpeg_arrival_chase
D:2:      elyvilon_altar_4
D:4:      first_bread, grunt_decor_resistance
D:5:      minmay_temple_entry_overgrown, uniq_duvessa
D:6:      serial_glass, glass_columns_c, glass_columns_c, glass_columns_a,
          grunt_ministairs_11, fountainhead, hangedman_decor_lopped
D:7:      serial_shops, nicolae_shop_waterfront, trog_butcher_becter

Skill      XL: |  1  2  3  4  5  6 |
---------------+-------------------+-----
Stealth        | 3 4 5 6 8 10 | 10.8
Fighting       | |  1.0
Short Blades   | |  1.0
Dodging        | |  2.0
Evocations     | |  3.2

Action                   |  1- 3 |  4- 6 |  7- 9 || total
-------------------------+-------+-------+-------++-------
Melee: Short sword       |    20 |       |       ||    20
       Constrict         |     7 |    17 |     2 ||    26
       Tentacles         |     4 |    22 |     1 ||    27
       Dagger            |     3 |    99 |    22 ||   124
Evoke: Wand              |    10 |    13 |    10 ||    33
  Use: Potion            |       |     2 |     1 ||     3
       Scroll            |       |       |     3 ||     3
 Stab: Sleeping          |     4 |     7 |       ||    11
  Eat: Chunk             |       |     4 |     2 ||     6
Armor: Skin              |       |    16 |    24 ||    40
Dodge: Dodged            |    21 |    48 |     8 ||    77
